Sarnia Sailors vs Tucson Roadrunners
Created - Monday, April 29, 2024 at 06:59
Goals
|
| Sarnia Sailors |
0 |
2 |
4 |
6 |
| Tucson Roadrunners |
1 |
2 |
1 |
4 |
|
Shots
|
| Sarnia Sailors |
8 |
13 |
14 |
35 |
| Tucson Roadrunners |
9 |
10 |
10 |
29 |
|
1st period
1. Tucson Roadrunners , William Carrier 42 (Nick Seeler 25, Mark Jankowski 63) at 14:46
Penalties :
Keegan Kolesar (SAR) for High sticking (Minor) at 1:43, Carson Soucy (TRR) for Hooking (Minor) at 14:54
2nd period
2. Tucson Roadrunners , Benjamin Jones 17 (Anthony Richard 24) at 3:16
3. Sarnia Sailors , Vasily Podkolzin 39 (Kevin Stenlund 48, Keegan Kolesar 52) at 4:00
4. Sarnia Sailors , Lucas Edmonds 18 (Jamie Drysdale 68, Dominic Toninato 16) at 13:47
5. Tucson Roadrunners , William Carrier 43 (Matt Nieto 40, Mark Jankowski 64) at 14:43 (PP)
Penalties :
Tristen Nielsen (SAR) for Hooking (Minor) at 1:06, Carson Soucy (TRR) for Fighting (Major) at 6:41, Jamie Drysdale (SAR) for Fighting (Major) at 6:41, Logan Shaw (TRR) for Fighting (Major) at 7:39, Jett Woo (SAR) for Fighting (Major) at 7:39, Jack Rathbone (SAR) for Interference (Minor) at 8:06, Keegan Kolesar (SAR) for Roughing (Minor) at 14:33, Alex Belzile (TRR) for Holding (Minor) at 15:45
3rd period
6. Sarnia Sailors , Jesse Puljujarvi 27 (Adam Ginning 19, Cole Reinhardt 18) at 1:54 (PP)
7. Sarnia Sailors , Samuel Walker 12 (Jamie Drysdale 69, Laurent Dauphin 12) at 13:03
8. Sarnia Sailors , Laurent Dauphin 15 (Keegan Kolesar 53, Jack Rathbone 39) at 16:18 (SH)
9. Tucson Roadrunners , Nicolas Petan 36 (Alex Belzile 23, William Carrier 41) at 16:53 (PP)
10. Sarnia Sailors , Kevin Stenlund 34 (Jett Woo 10, Zach Uens 6) at 19:16
Penalties :
Nick Seeler (TRR) for Hooking (Minor) at 1:18, Jett Woo (SAR) for Slashing (Minor) at 8:33, Tristen Nielsen (SAR) for Holding (Minor) at 15:24
Goalie Stats
Remi Poirier (SAR), 25 saves from 29 shots - (0.862), W, 31-17-1, 60:00 minutes
Elvis Merzlikins (TRR), 29 saves from 35 shots - (0.829), L, 28-15-3, 60:00 minutes
Players Stats for Sarnia Sailors
Player Name G A P +/- PIM S H SB GA TA FO MP PP MP PK MP
------------------------------------------------------------------------------------
Adam Ginning 0 1 1 1 0 2 4 0 1 0 0/0 23:57 2:12 5:37
Brad Lambert 0 0 0 1 0 0 0 0 0 0 0/0 11:28 0:00 0:29
Cole Reinhardt 0 1 1 -1 0 1 2 0 0 0 0/0 13:31 2:02 0:14
Daniel Torgersson 0 0 0 0 0 0 1 0 0 0 0/1 7:55 0:00 0:00
Declan Chisholm 0 0 0 0 0 0 1 1 0 1 0/0 18:56 0:00 4:15
Dominic Toninato 0 1 1 2 0 2 0 0 0 0 4/5 17:40 0:02 5:40
Jack Rathbone 0 1 1 3 2 2 1 1 0 0 0/0 26:24 2:22 4:26
Jamie Drysdale 0 2 2 2 5 4 3 1 0 0 0/0 22:30 2:22 3:10
Jesse Puljujarvi 1 0 1 -1 0 4 0 0 1 0 0/0 13:06 2:02 0:00
Jett Woo 0 1 1 0 7 1 2 0 0 1 0/0 13:29 2:12 0:00
Keegan Kolesar 0 2 2 2 4 4 2 0 0 0 0/1 19:11 2:18 2:02
Kevin Stenlund 1 1 2 2 0 3 1 1 0 0 14/30 22:53 2:02 5:34
Laurent Dauphin 1 1 2 1 0 2 0 0 0 0 2/4 10:46 0:00 2:50
Lucas Edmonds 1 0 1 1 0 3 0 1 0 1 0/0 11:42 0:14 0:00
Samuel Walker 1 0 1 0 0 2 0 0 0 0 0/0 11:05 0:19 1:55
Tristen Nielsen 0 0 0 0 4 2 1 0 0 0 5/8 14:49 2:25 0:42
Vasily Podkolzin 1 0 1 1 0 3 0 1 1 0 1/2 17:08 2:18 0:00
Zach Uens 0 1 1 0 0 0 0 0 0 0 0/0 13:47 0:00 1:26
Players Stats for Tucson Roadrunners
Player Name G A P +/- PIM S H SB GA TA FO MP PP MP PK MP
------------------------------------------------------------------------------------
Alex Belzile 0 1 1 -2 2 0 1 0 0 0 7/19 17:37 4:33 1:18
Anthony Richard 0 1 1 1 0 1 2 0 0 0 2/2 12:14 0:56 0:00
Benjamin Jones 1 0 1 1 0 2 2 0 0 0 1/3 11:44 0:16 0:00
Carson Soucy 0 0 0 -3 7 0 0 0 0 1 0/0 20:49 3:43 1:23
Fabian Lysell 0 0 0 1 0 1 0 0 1 0 0/0 8:19 0:06 0:00
Johnathan Kovacevic 0 0 0 -3 0 1 3 3 0 1 0/0 24:31 4:42 2:43
Logan Shaw 0 0 0 -2 5 2 2 0 0 0 0/0 14:42 3:34 0:00
Marian Studenic 0 0 0 0 0 1 1 0 0 0 0/0 8:16 0:00 0:13
Mark Jankowski 0 2 2 -2 0 2 1 0 0 0 14/20 21:44 4:55 2:15
Matt Nieto 0 1 1 -2 0 5 3 1 0 0 0/2 21:56 4:56 1:59
Nick Seeler 0 1 1 -1 2 1 1 2 1 0 0/0 23:46 4:53 1:41
Nicolas Petan 1 0 1 -2 0 2 3 0 0 0 0/0 17:09 4:33 0:49
Robert Hagg 0 0 0 -1 0 3 2 2 1 1 0/0 23:57 4:53 1:51
Ronan Seeley 0 0 0 1 0 0 0 0 0 0 0/0 13:34 0:59 0:00
Samuel Knazko 0 0 0 1 0 1 1 0 0 0 0/0 13:33 0:00 1:30
Scott Reedy 0 0 0 0 0 0 0 0 0 0 1/1 8:02 0:00 0:00
Walker Duehr 0 0 0 0 0 0 0 0 0 0 0/0 12:02 0:00 0:54
William Carrier 2 1 3 -2 0 7 1 0 0 0 0/4 21:26 4:56 1:40
3 Stars
1 - Kevin Stenlund (SAR)
2 - Laurent Dauphin (SAR)
3 - William Carrier (TRR)
Power Play
Sarnia Sailors - 1 on 3 Attempt(s) - 33.33%
Tucson Roadrunners - 2 on 6 Attempt(s) - 33.33%
Penalty Kill
Sarnia Sailors - 4 on 6 Attempt(s) - 66.67%
- Score 1 goal in Penalty Kill
Tucson Roadrunners - 2 on 3 Attempt(s) - 66.67%
- Score 0 goal in Penalty Kill
Team Stat
Sarnia Sailors - Hits : 18 - Faceoff Wins : 26 - Blocked Shots : 6 - Penalty Minutes : 22
Tucson Roadrunners - Hits : 23 - Faceoff Wins : 25 - Blocked Shots : 8 - Penalty Minutes : 16
Official
Referees : Brad Meier and Dan O'Rourke
Linesman : Thor Nelson and Brian Murphy
Game Notes
3:16 of 2nd period - Tucson Roadrunners goal is going for a video replay. After video review, Goal.
Jamie Drysdale beats up Carson Soucy at 6:41 of 2nd period
Jett Woo beats up Logan Shaw at 7:39 of 2nd period
13:47 of 2nd period - Sarnia Sailors goal is going for a video replay. After video review, Goal.
Sarnia Sailors
5 vs 5 Forward
Center Left Wing Right Wing Time % Phy DF OF
1 Kevin Stenlund Vasily Podkolzin Keegan Kolesar 40 2 1 2
2 Tristen Nielsen Cole Reinhardt Jesse Puljujarvi 30 2 1 2
3 Dominic Toninato Brad Lambert Lucas Edmonds 20 1 2 2
4 Laurent Dauphin Daniel Torgersson Samuel Walker 10 2 1 2
5 vs 5 Defense
Defense Defense Time % Phy DF OF
1 Jamie Drysdale Jack Rathbone 40 1 2 2
2 Declan Chisholm Adam Ginning 30 2 1 2
3 Zach Uens Jett Woo 20 2 2 1
4 Adam Ginning Jack Rathbone 10 1 2 2
PowerPlay Forward
Center Left Wing Right Wing Time % Phy DF OF
1 Tristen Nielsen Vasily Podkolzin Keegan Kolesar 60 0 1 4
2 Kevin Stenlund Cole Reinhardt Jesse Puljujarvi 40 0 1 4
PowerPlay Defense
Defense Defense Time % Phy DF OF
1 Jamie Drysdale Jack Rathbone 60 1 1 3
2 Adam Ginning Jett Woo 40 2 1 2
Penalty Kill 4 Players Forward
Center Wing Time % Phy DF OF
1 Kevin Stenlund Dominic Toninato 60 2 2 1
2 Laurent Dauphin Keegan Kolesar 40 2 2 1
Penalty Kill 4 Players Defense
Defense Defense Time % Phy DF OF
1 Adam Ginning Jack Rathbone 60 2 1 2
2 Declan Chisholm Jamie Drysdale 40 2 2 1
Penalty Kill - 3 Players Forward
Forward Time % Phy DF OF
1 Kevin Stenlund 60 2 2 1
2 Tristen Nielsen 40 2 2 1
Penalty Kill - 3 Players Defense
Defense Defense Time % Phy DF OF
1 Adam Ginning Jack Rathbone 60 2 1 2
2 Declan Chisholm Jamie Drysdale 40 2 2 1
4 vs 4 Forward
Center Wing Time % Phy DF OF
1 Kevin Stenlund Keegan Kolesar 60 2 1 2
2 Tristen Nielsen Vasily Podkolzin 40 2 1 2
4 vs 4 Defense
Defense Defense Time % Phy DF OF
1 Declan Chisholm Jack Rathbone 60 1 2 2
2 Jamie Drysdale Adam Ginning 40 2 1 2
Last Minutes Offensive
Center Left Wing Right Wing Defense Defense
Tristen Nielsen Vasily Podkolzin Keegan Kolesar Jamie Drysdale Jack Rathbone
Last Minutes Defensive
Center Left Wing Right Wing Defense Defense
Kevin Stenlund Dominic Toninato Tristen Nielsen Jamie Drysdale Jack Rathbone
Goaltenders
Starting : Remi Poirier
Backup : Dylan Ferguson
Extra Forwards
Normal : Samuel Walker, Cole Reinhardt, Lucas Edmonds - PP : Samuel Walker, Cole Reinhardt - PK : Dominic Toninato
Extra Defensemen
Normal : Zach Uens, Declan Chisholm, Jamie Drysdale - PP : Jamie Drysdale - PK : Zach Uens, Declan Chisholm
Penalty Shots
Kevin Stenlund, Keegan Kolesar, Dominic Toninato, Jesse Puljujarvi, Vasily Podkolzin
Tucson Roadrunners
5 vs 5 Forward
Center Left Wing Right Wing Time % Phy DF OF
1 Mark Jankowski William Carrier Matt Nieto 35 1 1 3
2 Alex Belzile Nicolas Petan Logan Shaw 30 1 2 2
3 Benjamin Jones Anthony Richard Walker Duehr 25 1 2 2
4 Scott Reedy Marian Studenic Fabian Lysell 10 1 2 2
5 vs 5 Defense
Defense Defense Time % Phy DF OF
1 Carson Soucy Johnathan Kovacevic 35 1 2 2
2 Robert Hagg Nick Seeler 35 1 2 2
3 Ronan Seeley Samuel Knazko 25 1 2 2
4 Carson Soucy Johnathan Kovacevic 5 1 2 2
PowerPlay Forward
Center Left Wing Right Wing Time % Phy DF OF
1 Mark Jankowski William Carrier Matt Nieto 50 1 1 3
2 Alex Belzile Nicolas Petan Logan Shaw 50 1 1 3
PowerPlay Defense
Defense Defense Time % Phy DF OF
1 Carson Soucy Johnathan Kovacevic 50 1 1 3
2 Robert Hagg Nick Seeler 50 1 1 3
Penalty Kill 4 Players Forward
Center Wing Time % Phy DF OF
1 William Carrier Matt Nieto 50 1 3 1
2 Mark Jankowski Alex Belzile 50 1 3 1
Penalty Kill 4 Players Defense
Defense Defense Time % Phy DF OF
1 Carson Soucy Johnathan Kovacevic 50 1 3 1
2 Robert Hagg Nick Seeler 50 1 3 1
Penalty Kill - 3 Players Forward
Forward Time % Phy DF OF
1 William Carrier 50 1 3 1
2 Matt Nieto 50 1 3 1
Penalty Kill - 3 Players Defense
Defense Defense Time % Phy DF OF
1 Carson Soucy Johnathan Kovacevic 50 1 3 1
2 Robert Hagg Nick Seeler 50 1 3 1
4 vs 4 Forward
Center Wing Time % Phy DF OF
1 William Carrier Matt Nieto 50 1 1 3
2 Mark Jankowski Alex Belzile 50 1 1 3
4 vs 4 Defense
Defense Defense Time % Phy DF OF
1 Carson Soucy Johnathan Kovacevic 50 1 1 3
2 Robert Hagg Nick Seeler 50 1 1 3
Last Minutes Offensive
Center Left Wing Right Wing Defense Defense
Mark Jankowski William Carrier Matt Nieto Carson Soucy Johnathan Kovacevic
Last Minutes Defensive
Center Left Wing Right Wing Defense Defense
Mark Jankowski William Carrier Matt Nieto Carson Soucy Johnathan Kovacevic
Goaltenders
Starting : Elvis Merzlikins
Backup : Kaapo Kahkonen
Extra Forwards
Normal : Anthony Richard, Benjamin Jones, Walker Duehr - PP : Anthony Richard, Benjamin Jones - PK : Walker Duehr
Extra Defensemen
Normal : Ronan Seeley, Samuel Knazko, Robert Hagg - PP : Ronan Seeley - PK : Samuel Knazko, Robert Hagg
Penalty Shots
William Carrier, Matt Nieto, Mark Jankowski, Alex Belzile, Logan Shaw
% Time on Ice - Sarnia Sailors
Lines # - Real PCT - Wanted PCT - Time Play
Normal Forward
1 - 34% - 40% - 15:25
2 - 24% - 30% - 11:05
3 - 24% - 20% - 10:59
4 - 17% - 10% - 7:55
Normal Defense
1 - 41% - 40% - 18:35
2 - 32% - 30% - 14:39
3 - 24% - 20% - 10:50
4 - 3% - 10% - 1:20
PP Forward
1 - 55% - 60% - 2:32
2 - 45% - 40% - 2:02
PP Defense
1 - 52% - 60% - 2:22
2 - 48% - 40% - 2:12
PK Forward
1 - 70% - 60% - 6:45
2 - 30% - 40% - 2:50
PK Defense
1 - 59% - 60% - 5:37
2 - 41% - 40% - 3:58
PK3 Forward
1 - 0% - 60%
2 - 0% - 40%
PK3 Defense
1 - 0% - 60%
2 - 0% - 40%
44 Forward
1 - 0% - 60%
2 - 0% - 40%
44 Defense
1 - 0% - 60%
2 - 0% - 40%
Last Minute Offensive - 0:00
Last Minute Defensive - 0:27
Total
Forward - 60:00
Defense - 60:00
|
% Time on Ice - Tucson Roadrunners
Lines # - Real PCT - Wanted PCT - Time Play
Normal Forward
1 - 32% - 35% - 14:23
2 - 26% - 30% - 11:58
3 - 24% - 25% - 10:58
4 - 18% - 10% - 8:02
Normal Defense
1 - 37% - 35% - 16:36
2 - 38% - 35% - 17:13
3 - 25% - 25% - 11:32
4 - 0% - 5% - 0:00
PP Forward
1 - 51% - 50% - 4:56
2 - 49% - 50% - 4:39
PP Defense
1 - 49% - 50% - 4:42
2 - 51% - 50% - 4:53
PK Forward
1 - 40% - 50% - 1:49
2 - 60% - 50% - 2:45
PK Defense
1 - 59% - 50% - 2:43
2 - 41% - 50% - 1:51
PK3 Forward
1 - 0% - 50%
2 - 0% - 50%
PK3 Defense
1 - 0% - 50%
2 - 0% - 50%
44 Forward
1 - 0% - 50%
2 - 0% - 50%
44 Defense
1 - 0% - 50%
2 - 0% - 50%
Last Minute Offensive - 0:30
Last Minute Defensive - 0:00
Total
Forward - 60:00
Defense - 60:00
|
Play-by-Play
1st period
0:01 of 1st period - Mark Jankowski wins face-off versus Kevin Stenlund in neutral zone.
0:14 of 1st period - Snap shot by Matt Nieto.
0:14 of 1st period - Stopped by Remi Poirier with a rebound.
0:16 of 1st period - Snap shot by Matt Nieto.
0:16 of 1st period - Shot Blocked by Jamie Drysdale.
0:26 of 1st period - Carson Soucy is hit by Cole Reinhardt.
0:49 of 1st period - Wrist shot by Fabian Lysell.
0:49 of 1st period - Shot Blocked by Lucas Edmonds.
0:51 of 1st period - Wrist shot by Samuel Knazko.
0:51 of 1st period - Stopped by Remi Poirier with a rebound.
0:55 of 1st period - Wrist shot by Marian Studenic.
0:55 of 1st period - Stopped by Remi Poirier with a rebound.
1:11 of 1st period - Daniel Torgersson is hit by Benjamin Jones and loses puck.
1:43 of 1st period - Minor Penalty to Keegan Kolesar for High sticking.
1:44 of 1st period - Mark Jankowski wins face-off versus Dominic Toninato in Sarnia Sailors zone.
2:40 of 1st period - Mark Jankowski is hit by Jack Rathbone and loses puck.
2:47 of 1st period - Adam Ginning is hit by Nick Seeler and loses puck.
3:43 of 1st period - Penalty to Keegan Kolesar is over, Keegan Kolesar is back on ice.
4:50 of 1st period - Scott Reedy is hit by Daniel Torgersson and loses puck.
4:57 of 1st period - Jack Rathbone is hit by Marian Studenic and loses puck.
5:12 of 1st period - Wrist shot by Tristen Nielsen.
5:12 of 1st period - Shot Misses the Net.
5:14 of 1st period - Snap shot by Jack Rathbone.
5:14 of 1st period - Shot Blocked by Robert Hagg.
5:57 of 1st period - Tristen Nielsen is hit by Anthony Richard and loses puck.
6:12 of 1st period - Nick Seeler is hit by Adam Ginning and loses puck.
6:29 of 1st period - Fabian Lysell is hit by Declan Chisholm and loses puck.
6:47 of 1st period - Snap shot by Dominic Toninato.
6:47 of 1st period - Shot Misses the Net.
7:12 of 1st period - Snap shot by Vasily Podkolzin.
7:12 of 1st period - Stopped by Elvis Merzlikins without a rebound.
7:13 of 1st period - Mark Jankowski wins face-off versus Kevin Stenlund in Tucson Roadrunners zone.
7:18 of 1st period - Wrist shot by Matt Nieto.
7:18 of 1st period - Stopped by Remi Poirier with a rebound.
7:20 of 1st period - Slapshot by Mark Jankowski.
7:20 of 1st period - Deflect By William Carrier.
7:20 of 1st period - Shot Misses the Net.
7:20 of 1st period - Puck is out of play.
7:21 of 1st period - Tristen Nielsen wins face-off versus Alex Belzile in Sarnia Sailors zone.
7:57 of 1st period - Wrist shot by Vasily Podkolzin.
7:57 of 1st period - Shot Misses the Net.
8:36 of 1st period - Snap shot by Fabian Lysell.
8:36 of 1st period - Stopped by Remi Poirier with a rebound.
8:43 of 1st period - Icing by Adam Ginning.
8:44 of 1st period - Alex Belzile wins face-off versus Laurent Dauphin in Sarnia Sailors zone.
8:45 of 1st period - Slapshot by Nicolas Petan.
8:45 of 1st period - Stopped by Remi Poirier with a rebound.
8:55 of 1st period - Backhand shot by Nicolas Petan.
8:55 of 1st period - Shot Blocked by Declan Chisholm.
9:11 of 1st period - Wrist shot by Samuel Walker.
9:11 of 1st period - Stopped by Elvis Merzlikins with a rebound.
9:13 of 1st period - Backhand shot by Laurent Dauphin.
9:13 of 1st period - Shot Misses the Net.
9:15 of 1st period - Wrist shot by Daniel Torgersson.
9:15 of 1st period - Deflect By William Carrier.
9:15 of 1st period - Shot Blocked by Matt Nieto.
9:15 of 1st period - Puck is out of play.
9:16 of 1st period - Mark Jankowski wins face-off versus Kevin Stenlund in Tucson Roadrunners zone.
9:16 of 1st period - Mark Jankowski is hit by Kevin Stenlund.
11:55 of 1st period - Samuel Walker is hit by Matt Nieto and loses puck.
12:12 of 1st period - Slapshot by Jesse Puljujarvi.
12:12 of 1st period - Stopped by Elvis Merzlikins with a rebound.
12:41 of 1st period - Johnathan Kovacevic is hit by Keegan Kolesar and loses puck.
13:06 of 1st period - Snap shot by Dominic Toninato.
13:06 of 1st period - Shot Misses the Net.
13:16 of 1st period - Laurent Dauphin is hit by Nicolas Petan and loses puck.
13:47 of 1st period - Scott Reedy is hit by Tristen Nielsen.
14:03 of 1st period - Snap shot by Keegan Kolesar.
14:03 of 1st period - Stopped by Elvis Merzlikins with a rebound.
14:22 of 1st period - Declan Chisholm is hit by Nicolas Petan and loses puck.
14:36 of 1st period - Off-side.
14:37 of 1st period - Mark Jankowski wins face-off versus Daniel Torgersson in neutral zone.
14:42 of 1st period - Backhand shot by Mark Jankowski.
14:42 of 1st period - Shot Misses the Net.
14:44 of 1st period - Slapshot by Nick Seeler.
14:44 of 1st period - Stopped by Remi Poirier with a rebound.
14:46 of 1st period - Snap shot by William Carrier.
14:46 of 1st period - Goal by William Carrier - Sarnia Sailors : 0 - Tucson Roadrunners : 1.
14:47 of 1st period - Kevin Stenlund wins face-off versus Mark Jankowski in neutral zone.
14:52 of 1st period - Wrist shot by Keegan Kolesar.
14:52 of 1st period - Stopped by Elvis Merzlikins with a rebound.
14:54 of 1st period - Minor Penalty to Carson Soucy for Hooking.
14:55 of 1st period - Tristen Nielsen wins face-off versus William Carrier in Tucson Roadrunners zone.
14:56 of 1st period - Slapshot by Keegan Kolesar.
14:56 of 1st period - Stopped by Elvis Merzlikins with a rebound.
15:50 of 1st period - Snap shot by Kevin Stenlund.
15:50 of 1st period - Shot Misses the Net.
16:54 of 1st period - Penalty to Carson Soucy is over, Carson Soucy is back on ice.
17:06 of 1st period - Slapshot by William Carrier.
17:06 of 1st period - Stopped by Remi Poirier without a rebound.
17:07 of 1st period - Dominic Toninato wins face-off versus Benjamin Jones in Sarnia Sailors zone.
17:12 of 1st period - Wrist shot by Dominic Toninato.
17:12 of 1st period - Deflect By Lucas Edmonds.
17:12 of 1st period - Stopped by Elvis Merzlikins with a rebound.
17:48 of 1st period - Snap shot by Marian Studenic.
17:48 of 1st period - Shot Misses the Net.
18:24 of 1st period - Wrist shot by Vasily Podkolzin.
18:24 of 1st period - Shot Blocked by Robert Hagg.
19:18 of 1st period - Slapshot by Dominic Toninato.
19:18 of 1st period - Shot Hit the Post.
19:20 of 1st period - Wrist shot by Brad Lambert.
19:20 of 1st period - Shot Misses the Net.
19:22 of 1st period - Snap shot by Dominic Toninato.
19:22 of 1st period - Shot Misses the Net.
19:24 of 1st period - Slapshot by Dominic Toninato.
19:24 of 1st period - Shot Misses the Net.
19:44 of 1st period - Snap shot by Vasily Podkolzin.
19:44 of 1st period - Stopped by Elvis Merzlikins with a rebound.
Goals for this period are 0 for Sarnia Sailors vs 1 for Tucson Roadrunners.
Shots for this period are 8 for Sarnia Sailors vs 9 for Tucson Roadrunners.
2nd period
0:01 of 2nd period - Mark Jankowski wins face-off versus Kevin Stenlund in neutral zone.
0:12 of 2nd period - Snap shot by Matt Nieto.
0:12 of 2nd period - Stopped by Remi Poirier without a rebound.
0:13 of 2nd period - Kevin Stenlund wins face-off versus William Carrier in Sarnia Sailors zone.
0:20 of 2nd period - Slapshot by Jack Rathbone.
0:20 of 2nd period - Shot Misses the Net.
0:22 of 2nd period - Snap shot by Kevin Stenlund.
0:22 of 2nd period - Stopped by Elvis Merzlikins with a rebound.
0:34 of 2nd period - Keegan Kolesar is hit by William Carrier and loses puck.
0:49 of 2nd period - Slapshot by Vasily Podkolzin.
0:49 of 2nd period - Shot Misses the Net.
0:51 of 2nd period - Slapshot by Keegan Kolesar.
0:51 of 2nd period - Deflect By Vasily Podkolzin.
0:51 of 2nd period - Shot Blocked by Johnathan Kovacevic.
0:51 of 2nd period - Puck is out of play.
0:52 of 2nd period - Tristen Nielsen wins face-off versus Alex Belzile in Tucson Roadrunners zone.
1:06 of 2nd period - Minor Penalty to Tristen Nielsen for Hooking.
1:07 of 2nd period - Kevin Stenlund wins face-off versus Alex Belzile in Sarnia Sailors zone.
1:26 of 2nd period - Dominic Toninato is hit by Logan Shaw and loses puck.
2:33 of 2nd period - Nick Seeler is hit by Adam Ginning and loses puck.
3:05 of 2nd period - Off-side.
3:06 of 2nd period - Penalty to Tristen Nielsen is over, Tristen Nielsen is back on ice.
3:06 of 2nd period - Anthony Richard wins face-off versus Tristen Nielsen in neutral zone.
3:12 of 2nd period - Wrist shot by Anthony Richard.
3:12 of 2nd period - Shot Misses the Net.
3:14 of 2nd period - Snap shot by Benjamin Jones.
3:14 of 2nd period - Shot Misses the Net.
3:16 of 2nd period - Wrist shot by Benjamin Jones.
3:16 of 2nd period - Tucson Roadrunners goal is going for a video replay.
3:16 of 2nd period - The goal is good.
3:16 of 2nd period - Goal by Benjamin Jones - Sarnia Sailors : 0 - Tucson Roadrunners : 2.
3:17 of 2nd period - Kevin Stenlund wins face-off versus Matt Nieto in neutral zone.
3:30 of 2nd period - Wrist shot by Jamie Drysdale.
3:30 of 2nd period - Deflect By Matt Nieto.
3:30 of 2nd period - Stopped by Elvis Merzlikins without a rebound.
3:31 of 2nd period - Alex Belzile wins face-off versus Tristen Nielsen in Tucson Roadrunners zone.
3:44 of 2nd period - Wrist shot by Nicolas Petan.
3:44 of 2nd period - Deflect By Logan Shaw.
3:44 of 2nd period - Shot Misses the Net.
3:44 of 2nd period - Puck is out of play.
3:45 of 2nd period - Mark Jankowski wins face-off versus Kevin Stenlund in Sarnia Sailors zone.
3:46 of 2nd period - Slapshot by William Carrier.
3:46 of 2nd period - Stopped by Remi Poirier with a rebound.
3:51 of 2nd period - Jamie Drysdale is hit by Mark Jankowski and loses puck.
3:54 of 2nd period - Slapshot by Jack Rathbone.
3:54 of 2nd period - Stopped by Elvis Merzlikins with a rebound.
3:56 of 2nd period - Slapshot by Keegan Kolesar.
3:56 of 2nd period - Shot Misses the Net.
4:00 of 2nd period - Snap shot by Vasily Podkolzin.
4:00 of 2nd period - Goal by Vasily Podkolzin - Sarnia Sailors : 1 - Tucson Roadrunners : 2.
4:01 of 2nd period - Mark Jankowski wins face-off versus Kevin Stenlund in neutral zone.
4:26 of 2nd period - Mark Jankowski is hit by Jamie Drysdale and loses puck.
4:46 of 2nd period - Wrist shot by Mark Jankowski.
4:46 of 2nd period - Stopped by Remi Poirier without a rebound.
4:47 of 2nd period - Kevin Stenlund wins face-off versus Alex Belzile in Sarnia Sailors zone.
4:52 of 2nd period - Snap shot by Kevin Stenlund.
4:52 of 2nd period - Stopped by Elvis Merzlikins with a rebound.
5:12 of 2nd period - Tristen Nielsen is hit by Benjamin Jones and loses puck.
5:25 of 2nd period - Wrist shot by Benjamin Jones.
5:25 of 2nd period - Stopped by Remi Poirier with a rebound.
6:23 of 2nd period - Slapshot by Jamie Drysdale.
6:23 of 2nd period - Stopped by Elvis Merzlikins without a rebound.
6:24 of 2nd period - Anthony Richard wins face-off versus Laurent Dauphin in Tucson Roadrunners zone.
6:40 of 2nd period - Slapshot by Jamie Drysdale.
6:40 of 2nd period - Deflect By Daniel Torgersson.
6:40 of 2nd period - Shot Misses the Net.
6:40 of 2nd period - Puck is out of play.
6:41 of 2nd period - Alex Belzile wins face-off versus Kevin Stenlund in Tucson Roadrunners zone.
6:41 of 2nd period - Jamie Drysdale beats up Carson Soucy.
6:41 of 2nd period - Penalty to Carson Soucy for Fighting.
6:41 of 2nd period - Penalty to Jamie Drysdale for Fighting.
6:42 of 2nd period - Kevin Stenlund wins face-off versus Alex Belzile in Tucson Roadrunners zone.
7:07 of 2nd period - Jack Rathbone is hit by Matt Nieto and loses puck.
7:16 of 2nd period - Snap shot by William Carrier.
7:16 of 2nd period - Stopped by Remi Poirier with a rebound.
7:18 of 2nd period - Backhand shot by Mark Jankowski.
7:18 of 2nd period - Stopped by Remi Poirier with a rebound.
7:20 of 2nd period - Wrist shot by William Carrier.
7:20 of 2nd period - Shot Misses the Net.
7:34 of 2nd period - Wrist shot by Anthony Richard.
7:34 of 2nd period - Shot Misses the Net.
7:36 of 2nd period - Wrist shot by Anthony Richard.
7:36 of 2nd period - Deflect By Benjamin Jones.
7:36 of 2nd period - Shot Misses the Net.
7:36 of 2nd period - Puck is out of play.
7:37 of 2nd period - Alex Belzile wins face-off versus Kevin Stenlund in Sarnia Sailors zone.
7:38 of 2nd period - Snap shot by Logan Shaw.
7:38 of 2nd period - Shot Blocked by Vasily Podkolzin.
7:39 of 2nd period - Jett Woo beats up Logan Shaw.
7:39 of 2nd period - Penalty to Logan Shaw for Fighting.
7:39 of 2nd period - Penalty to Jett Woo for Fighting.
7:40 of 2nd period - Kevin Stenlund wins face-off versus Mark Jankowski in Sarnia Sailors zone.
7:49 of 2nd period - Snap shot by Kevin Stenlund.
7:49 of 2nd period - Shot Hit the Post.
8:06 of 2nd period - Minor Penalty to Jack Rathbone for Interference.
8:07 of 2nd period - Kevin Stenlund wins face-off versus Mark Jankowski in Sarnia Sailors zone.
8:32 of 2nd period - Adam Ginning is hit by Robert Hagg and loses puck.
9:12 of 2nd period - Icing by Anthony Richard.
9:13 of 2nd period - Laurent Dauphin wins face-off versus Alex Belzile in Tucson Roadrunners zone.
9:14 of 2nd period - Slapshot by Keegan Kolesar.
9:14 of 2nd period - Stopped by Elvis Merzlikins with a rebound.
9:20 of 2nd period - Laurent Dauphin is hit by Robert Hagg and loses puck.
10:06 of 2nd period - Penalty to Jack Rathbone is over, Jack Rathbone is back on ice.
10:32 of 2nd period - Slapshot by Robert Hagg.
10:32 of 2nd period - Shot Misses the Net.
11:48 of 2nd period - Vasily Podkolzin is hit by Anthony Richard and loses puck.
11:55 of 2nd period - Anthony Richard is hit by Jamie Drysdale and loses puck.
12:06 of 2nd period - Nick Seeler is hit by Cole Reinhardt and loses puck.
13:01 of 2nd period - Laurent Dauphin is hit by Johnathan Kovacevic and loses puck.
13:28 of 2nd period - Adam Ginning is hit by Samuel Knazko and loses puck.
13:43 of 2nd period - Snap shot by Lucas Edmonds.
13:43 of 2nd period - Stopped by Elvis Merzlikins without a rebound.
13:44 of 2nd period - Dominic Toninato wins face-off versus Mark Jankowski in Tucson Roadrunners zone.
13:45 of 2nd period - Slapshot by Jamie Drysdale.
13:45 of 2nd period - Shot Misses the Net.
13:47 of 2nd period - Snap shot by Lucas Edmonds.
13:47 of 2nd period - Sarnia Sailors goal is going for a video replay.
13:47 of 2nd period - The goal is good.
13:47 of 2nd period - Goal by Lucas Edmonds - Sarnia Sailors : 2 - Tucson Roadrunners : 2.
13:48 of 2nd period - Kevin Stenlund wins face-off versus Mark Jankowski in neutral zone.
14:01 of 2nd period - Kevin Stenlund is hit by Matt Nieto and loses puck.
14:16 of 2nd period - Kevin Stenlund is hit by Johnathan Kovacevic.
14:33 of 2nd period - Minor Penalty to Keegan Kolesar for Roughing.
14:34 of 2nd period - Mark Jankowski wins face-off versus Kevin Stenlund in Sarnia Sailors zone.
14:37 of 2nd period - Wrist shot by William Carrier.
14:37 of 2nd period - Stopped by Remi Poirier with a rebound.
14:39 of 2nd period - Wrist shot by William Carrier.
14:39 of 2nd period - Shot Misses the Net.
14:41 of 2nd period - Slapshot by William Carrier.
14:41 of 2nd period - Stopped by Remi Poirier with a rebound.
14:43 of 2nd period - Wrist shot by William Carrier.
14:43 of 2nd period - Goal by William Carrier - Sarnia Sailors : 2 - Tucson Roadrunners : 3.
14:44 of 2nd period - Alex Belzile wins face-off versus Kevin Stenlund in neutral zone.
14:47 of 2nd period - Slapshot by Nick Seeler.
14:47 of 2nd period - Deflect By Nicolas Petan.
14:47 of 2nd period - Shot Hit the Post.
14:47 of 2nd period - Puck is out of play.
14:48 of 2nd period - Kevin Stenlund wins face-off versus Alex Belzile in Sarnia Sailors zone.
14:57 of 2nd period - Slapshot by Jamie Drysdale.
14:57 of 2nd period - Stopped by Elvis Merzlikins with a rebound.
14:59 of 2nd period - Slapshot by Jack Rathbone.
14:59 of 2nd period - Stopped by Elvis Merzlikins without a rebound.
15:00 of 2nd period - Mark Jankowski wins face-off versus Kevin Stenlund in Tucson Roadrunners zone.
15:00 of 2nd period - Mark Jankowski is hit by Adam Ginning.
15:16 of 2nd period - Nick Seeler is hit by Keegan Kolesar and loses puck.
15:39 of 2nd period - Wrist shot by Tristen Nielsen.
15:39 of 2nd period - Stopped by Elvis Merzlikins with a rebound.
15:45 of 2nd period - Minor Penalty to Alex Belzile for Holding.
15:46 of 2nd period - Mark Jankowski wins face-off versus Vasily Podkolzin in Tucson Roadrunners zone.
16:01 of 2nd period - Snap shot by Walker Duehr.
16:01 of 2nd period - Shot Misses the Net.
16:22 of 2nd period - Wrist shot by Kevin Stenlund.
16:22 of 2nd period - Shot Blocked by Nick Seeler.
17:27 of 2nd period - Jesse Puljujarvi is hit by Nicolas Petan and loses puck.
17:45 of 2nd period - Penalty to Alex Belzile is over, Alex Belzile is back on ice.
18:05 of 2nd period - Ronan Seeley is hit by Adam Ginning and loses puck.
18:20 of 2nd period - Snap shot by Laurent Dauphin.
18:20 of 2nd period - Stopped by Elvis Merzlikins with a rebound.
18:22 of 2nd period - Slapshot by Declan Chisholm.
18:22 of 2nd period - Shot Misses the Net.
18:53 of 2nd period - Icing by Jamie Drysdale.
18:54 of 2nd period - Scott Reedy wins face-off versus Kevin Stenlund in Sarnia Sailors zone.
Goals for this period are 2 for Sarnia Sailors vs 2 for Tucson Roadrunners.
Shots for this period are 13 for Sarnia Sailors vs 10 for Tucson Roadrunners.
3rd period
0:01 of 3rd period - Mark Jankowski wins face-off versus Keegan Kolesar in neutral zone.
0:10 of 3rd period - Snap shot by Matt Nieto.
0:10 of 3rd period - Shot Blocked by Kevin Stenlund.
0:26 of 3rd period - Jamie Drysdale is hit by Logan Shaw and loses puck.
0:49 of 3rd period - Snap shot by Jamie Drysdale.
0:49 of 3rd period - Shot Misses the Net.
1:18 of 3rd period - Minor Penalty to Nick Seeler for Hooking.
1:19 of 3rd period - Tristen Nielsen wins face-off versus William Carrier in Tucson Roadrunners zone.
1:52 of 3rd period - Wrist shot by Cole Reinhardt.
1:52 of 3rd period - Stopped by Elvis Merzlikins with a rebound.
1:54 of 3rd period - Slapshot by Adam Ginning.
1:54 of 3rd period - Deflect By Jesse Puljujarvi.
1:54 of 3rd period - Goal by Jesse Puljujarvi - Sarnia Sailors : 3 - Tucson Roadrunners : 3.
1:55 of 3rd period - Kevin Stenlund wins face-off versus Mark Jankowski in neutral zone.
2:21 of 3rd period - Logan Shaw is hit by Jamie Drysdale and loses puck.
2:44 of 3rd period - Wrist shot by Dominic Toninato.
2:44 of 3rd period - Shot Misses the Net.
3:12 of 3rd period - Wrist shot by Fabian Lysell.
3:12 of 3rd period - Shot Misses the Net.
4:29 of 3rd period - Marian Studenic is hit by Jett Woo and loses puck.
4:50 of 3rd period - Wrist shot by Adam Ginning.
4:50 of 3rd period - Stopped by Elvis Merzlikins with a rebound.
4:52 of 3rd period - Slapshot by Kevin Stenlund.
4:52 of 3rd period - Shot Misses the Net.
5:04 of 3rd period - Snap shot by Robert Hagg.
5:04 of 3rd period - Stopped by Remi Poirier with a rebound.
6:14 of 3rd period - Snap shot by Keegan Kolesar.
6:14 of 3rd period - Shot Misses the Net.
6:26 of 3rd period - Snap shot by Nicolas Petan.
6:26 of 3rd period - Shot Blocked by Jack Rathbone.
6:28 of 3rd period - Slapshot by Logan Shaw.
6:28 of 3rd period - Stopped by Remi Poirier without a rebound.
6:29 of 3rd period - Alex Belzile wins face-off versus Tristen Nielsen in Sarnia Sailors zone.
6:30 of 3rd period - Wrist shot by Nicolas Petan.
6:30 of 3rd period - Deflect By Logan Shaw.
6:30 of 3rd period - Shot Misses the Net.
6:30 of 3rd period - Puck is out of play.
6:31 of 3rd period - Tristen Nielsen wins face-off versus Alex Belzile in Sarnia Sailors zone.
6:36 of 3rd period - Slapshot by Jack Rathbone.
6:36 of 3rd period - Shot Blocked by Johnathan Kovacevic.
6:39 of 3rd period - Icing by Carson Soucy.
6:40 of 3rd period - Vasily Podkolzin wins face-off versus Alex Belzile in Tucson Roadrunners zone.
6:43 of 3rd period - Wrist shot by Vasily Podkolzin.
6:43 of 3rd period - Shot Misses the Net.
7:54 of 3rd period - Snap shot by Lucas Edmonds.
7:54 of 3rd period - Shot Misses the Net.
8:12 of 3rd period - Wrist shot by Matt Nieto.
8:12 of 3rd period - Stopped by Remi Poirier with a rebound.
8:20 of 3rd period - Wrist shot by Kevin Stenlund.
8:20 of 3rd period - Shot Misses the Net.
8:33 of 3rd period - Minor Penalty to Jett Woo for Slashing.
8:34 of 3rd period - Kevin Stenlund wins face-off versus William Carrier in Sarnia Sailors zone.
8:43 of 3rd period - Slapshot by Johnathan Kovacevic.
8:43 of 3rd period - Stopped by Remi Poirier with a rebound.
8:50 of 3rd period - Icing by Mark Jankowski.
8:51 of 3rd period - Kevin Stenlund wins face-off versus Matt Nieto in Tucson Roadrunners zone.
8:58 of 3rd period - Wrist shot by Dominic Toninato.
8:58 of 3rd period - Stopped by Elvis Merzlikins without a rebound.
8:59 of 3rd period - Dominic Toninato wins face-off versus Alex Belzile in Tucson Roadrunners zone.
9:00 of 3rd period - Wrist shot by Kevin Stenlund.
9:00 of 3rd period - Shot Misses the Net.
9:02 of 3rd period - Wrist shot by Kevin Stenlund.
9:02 of 3rd period - Shot Misses the Net.
9:04 of 3rd period - Slapshot by Jack Rathbone.
9:04 of 3rd period - Shot Blocked by Nick Seeler.
9:12 of 3rd period - Slapshot by Dominic Toninato.
9:12 of 3rd period - Shot Misses the Net.
9:31 of 3rd period - Slapshot by Matt Nieto.
9:31 of 3rd period - Stopped by Remi Poirier with a rebound.
9:33 of 3rd period - Snap shot by Robert Hagg.
9:33 of 3rd period - Stopped by Remi Poirier with a rebound.
10:05 of 3rd period - Snap shot by Laurent Dauphin.
10:05 of 3rd period - Shot Misses the Net.
10:11 of 3rd period - Laurent Dauphin is hit by Johnathan Kovacevic and loses puck.
10:33 of 3rd period - Penalty to Jett Woo is over, Jett Woo is back on ice.
10:40 of 3rd period - Snap shot by Jesse Puljujarvi.
10:40 of 3rd period - Stopped by Elvis Merzlikins with a rebound.
11:02 of 3rd period - Scott Reedy is hit by Jett Woo and loses puck.
11:07 of 3rd period - Wrist shot by Samuel Walker.
11:07 of 3rd period - Shot Misses the Net.
12:53 of 3rd period - Slapshot by Robert Hagg.
12:53 of 3rd period - Stopped by Remi Poirier without a rebound.
12:54 of 3rd period - Laurent Dauphin wins face-off versus Alex Belzile in Sarnia Sailors zone.
13:03 of 3rd period - Snap shot by Samuel Walker.
13:03 of 3rd period - Goal by Samuel Walker - Sarnia Sailors : 4 - Tucson Roadrunners : 3.
13:04 of 3rd period - Mark Jankowski wins face-off versus Kevin Stenlund in neutral zone.
13:19 of 3rd period - Wrist shot by Vasily Podkolzin.
13:19 of 3rd period - Shot Blocked by Johnathan Kovacevic.
14:41 of 3rd period - Backhand shot by William Carrier.
14:41 of 3rd period - Shot Misses the Net.
15:24 of 3rd period - Minor Penalty to Tristen Nielsen for Holding.
15:25 of 3rd period - Alex Belzile wins face-off versus Kevin Stenlund in Sarnia Sailors zone.
15:35 of 3rd period - Snap shot by Alex Belzile.
15:35 of 3rd period - Deflect By Logan Shaw.
15:35 of 3rd period - Stopped by Remi Poirier without a rebound.
15:36 of 3rd period - Kevin Stenlund wins face-off versus Alex Belzile in Sarnia Sailors zone.
15:47 of 3rd period - Kevin Stenlund is hit by Alex Belzile and loses puck.
16:18 of 3rd period - Wrist shot by Laurent Dauphin.
16:18 of 3rd period - Goal by Laurent Dauphin - Sarnia Sailors : 5 - Tucson Roadrunners : 3.
16:19 of 3rd period - Mark Jankowski wins face-off versus Kevin Stenlund in neutral zone.
16:24 of 3rd period - Wrist shot by Dominic Toninato.
16:24 of 3rd period - Stopped by Elvis Merzlikins with a rebound.
16:53 of 3rd period - Snap shot by Nicolas Petan.
16:53 of 3rd period - Goal by Nicolas Petan - Sarnia Sailors : 5 - Tucson Roadrunners : 4.
16:54 of 3rd period - Dominic Toninato wins face-off versus Benjamin Jones in neutral zone.
17:07 of 3rd period - Wrist shot by Jamie Drysdale.
17:07 of 3rd period - Stopped by Elvis Merzlikins with a rebound.
17:39 of 3rd period - Snap shot by Jesse Puljujarvi.
17:39 of 3rd period - Stopped by Elvis Merzlikins with a rebound.
17:41 of 3rd period - Wrist shot by Cole Reinhardt.
17:41 of 3rd period - Shot Misses the Net.
17:43 of 3rd period - Slapshot by Adam Ginning.
17:43 of 3rd period - Stopped by Elvis Merzlikins with a rebound.
17:49 of 3rd period - Snap shot by Tristen Nielsen.
17:49 of 3rd period - Stopped by Elvis Merzlikins with a rebound.
17:59 of 3rd period - Wrist shot by Logan Shaw.
17:59 of 3rd period - Shot Misses the Net.
19:08 of 3rd period - Wrist shot by Tristen Nielsen.
19:08 of 3rd period - Shot Misses the Net.
19:10 of 3rd period - Slapshot by Tristen Nielsen.
19:10 of 3rd period - Shot Misses the Net.
19:12 of 3rd period - Snap shot by Zach Uens.
19:12 of 3rd period - Shot Misses the Net.
19:14 of 3rd period - Slapshot by Jett Woo.
19:14 of 3rd period - Stopped by Elvis Merzlikins with a rebound.
19:16 of 3rd period - Wrist shot by Kevin Stenlund.
19:16 of 3rd period - Goal by Kevin Stenlund - Sarnia Sailors : 6 - Tucson Roadrunners : 4.
19:17 of 3rd period - Benjamin Jones wins face-off versus Kevin Stenlund in neutral zone.
19:22 of 3rd period - Snap shot by Anthony Richard.
19:22 of 3rd period - Stopped by Remi Poirier with a rebound.
Goals for this period are 4 for Sarnia Sailors vs 1 for Tucson Roadrunners.
Shots for this period are 14 for Sarnia Sailors vs 10 for Tucson Roadrunners.
Back to the Top